 Dungeon Crawl Stone Soup version 0.30-a0-715-gdb4ae3ece1 (webtiles) character file.

Game seed: 844712753523395711

62281 arthad the Summoner (level 14, -1/64 HPs)
             Began as a Felid Summoner on Jan 23, 2023.
             Was an Initiate of Gozag.
             Slain by a will-o-the-wisp (17 damage)
             ... on level 3 of the Swamp on Jan 24, 2023.
             The game lasted 02:11:32 (29273 turns).

arthad the Summoner (Felid Summoner)               Turns: 29273, Time: 02:11:32

Health: -1/64      AC:  3    Str: 12    XL:     14   Next: 63%
Magic:  36/38      EV: 27    Int: 25    God:    Gozag
Gold:   3146       SH:  0    Dex: 19    Spells: 2/34 levels left
                                        Lives:  0   Deaths: 4

rFire   . . .      SeeInvis +      - Unarmed
rCold   + . .      Faith    .    (shield unavailable)
rNeg    . . .      Spirit   .    (body armour unavailable)
rPois   +          Reflect  .    (helmet unavailable)
rElec   .          Harm     .    (cloak unavailable)
rCorr   +          Rampage  .    (gloves unavailable)
Will    ++...                    (boots unavailable)
Stlth   +++                      W - amulet of Vitality {RegenMP++ Regen++}
HPRegen 1.90/turn                X - ring "Pauzibe" {rPois rCorr MP+9 Str+2}
MPRegen 1.06/turn                S - ring "Foed" {Str+6 Int+3}

@: brilliant, gold aura, quick
A: very small, claws 1, fangs 3, see invisible, speed 1, shaggy fur 3, stealthy
paws, no weapons or thrown items, no armour, multi-lived
a: Renounce Religion, Potion Petition, Call Merchant, Bribe Branch


You were on level 3 of the Swamp.
You worshipped Gozag.
Gozag was most pleased with you.
You visited 5 branches of the dungeon, and saw 25 of its levels.
You also visited: Ossuary, Bailey and Gauntlet.

You collected 11636 gold pieces.
You spent 5079 gold pieces at shops.
You paid 3411 gold pieces to Gozag.

Inventory:

Hand Weapons
 b - the +2 triple crossbow of the Fulmar {penet, rN+}
   (You found it in a bailey)

   rN:        It protects you from negative energy.
 i - the +4 arbalest "Ysiweub" {elec, MP+9 Str+2 Int+2 Dex+2}
   (You found it on level 2 of the Dungeon)

   Str:       It affects your strength (+2).
   Int:       It affects your intelligence (+2).
   Dex:       It affects your dexterity (+2).
   MP:        It affects your magic capacity (+9).
 H - the +0 war axe of the Everdark {flame, Will+ Str+3}
   (You found it on level 11 of the Dungeon)

   Str:       It affects your strength (+3).
   Will:      It increases your willpower.
 V - the +9 quarterstaff of the Puffball {freeze, Dex+3}
   (You found it on level 5 of the Lair of Beasts)

   Dex:       It affects your dexterity (+3).
Armour
 U - the +1 leather armour of Conscience {-Cast rC+ Will+ SInv}
   (You found it on level 5 of the Lair of Beasts)

   rC:        It protects you from cold.
   SInv:      It lets you see invisible.
   -Cast:     It prevents spellcasting.
   Will:      It increases your willpower.
Jewellery
 g - a ring of willpower
 l - a ring of resist corrosion
 o - a +6 ring of strength
 q - an amulet of magic regeneration
 s - a ring of ice
 P - an amulet of reflection
 R - an amulet of regeneration
 S - the ring "Foed" (right paw) {Str+6 Int+3}
   (You found it on level 4 of the Lair of Beasts)

   [ring of strength]

   Str:       It affects your strength (+6).
   Int:       It affects your intelligence (+3).
 T - a ring of magical power
 W - the amulet of Vitality (around neck) {RegenMP++ Regen++}
   (You bought it in a shop on level 5 of the Lair of Beasts)

   [amulet of magic regeneration]

   It increases your rate of magic regeneration.
   Regen:     It increases your rate of health regeneration.
 X - the ring "Pauzibe" (left paw) {rPois rCorr MP+9 Str+2}
   (You bought it in a shop on level 5 of the Lair of Beasts)

   [ring of resist corrosion]

   Str:       It affects your strength (+2).
   rPois:     It protects you from poison.
   MP:        It affects your magic capacity (+9).
   rCorr:     It protects you from acid and corrosion.
 Z - a ring of wizardry
Wands
 n - a wand of mindburst (7)
 t - a wand of charming (7)
 A - a wand of flame (11)
 N - a wand of polymorph (2)
Scrolls
 m - 5 scrolls of fog
 u - 7 scrolls of noise
 w - 2 scrolls of poison
 y - 5 scrolls of identify
 z - 2 scrolls of summoning
 E - 2 scrolls of enchant weapon {unknown}
 F - 2 scrolls of blinking
 I - 2 scrolls of enchant armour
 J - 2 scrolls of immolation
 K - 4 scrolls of magic mapping
 L - a scroll of amnesia {unknown}
 M - a scroll of silence
 Q - a scroll of torment {unknown}
 Y - 3 scrolls of teleportation
Potions
 a - 3 potions of magic
 d - 2 potions of cancellation
 e - 6 potions of might
 f - 8 potions of curing
 h - 2 potions of invisibility
 j - 5 potions of ambrosia
 k - 7 potions of degeneration
 p - 4 potions of attraction
 r - 5 potions of brilliance
 v - 3 potions of haste
 x - 2 potions of berserk rage {unknown}
 B - 2 potions of mutation {unknown}
 C - a potion of resistance
 D - 4 potions of flight
 G - 3 potions of lignification {unknown}
Miscellaneous
 O - a condenser vane (inert)


   Skills:
 + Level 9.0 Fighting
 + Level 12.2 Dodging
 - Level 3.1 Stealth
 + Level 8.8 Unarmed Combat
 - Level 10.6 Spellcasting
 - Level 5.0 Hexes
 - Level 13.1 Summonings
 - Level 9.3 Translocations
 * Level 11.7 Transmutations
 * Level 12.0 Air Magic
 - Level 5.0 Evocations


You had 2 spell levels left.
You knew the following spells:

 Your Spells              Type           Power      Damage    Failure   Level
a - Summon Small Mammal   Summ           100%       N/A       1%          1
b - Call Imp              Summ           87%        N/A       1%          2
c - Call Canine Familiar  Summ           87%        N/A       1%          3
d - Summon Guardian Gole  Hex/Summ       73%        N/A       1%          3
e - Summon Lightning Spi  Summ/Air       85%        N/A       1%          4
f - Blink                 Tloc           100%       N/A       1%          2
g - Manifold Assault      Tloc           74%        N/A       1%          4
h - Storm Form            Tmut/Air       41%        N/A       30%         7
i - Summon Cactus Giant   Summ           43%        N/A       3%          6

Your spell library contained the following spells:

 Spells                   Type           Power      Damage    Failure   Level
 Apportation              Tloc           100%       N/A       1%          1
 Passwall                 Tmut/Erth      49%        N/A       1%          2
 Static Discharge         Conj/Air       100%       2-7/arc   1%          2
 Ensorcelled Hibernation  Hex/Ice        76%        N/A       2%          2
 Scorch                   Fire           40%        2d7       7%          2
 Gell's Gravitas          Tloc           74%        N/A       1%          3
 Swiftness                Air            84%        N/A       1%          3
 Teleport Other           Tloc           74%        N/A       1%          3
 Vhi's Electric Charge    Tloc/Air       100%       N/A       1%          3
 Blade Hands              Tmut           41%        N/A       1%          5
 Arcjolt                  Conj/Air       30%        1d40      11%         5
 Lightning Bolt           Conj/Air       30%        1d47      11%         5
 Alistair's Intoxication  Tmut/Pois      39%        N/A       12%         5
 Dispersal                Tloc           37%        N/A       16%         6
 Flame Wave               Conj/Fire      20%        2d7       41%         4
 Eringya's Noxious Bog    Tmut/Pois      29%        N/A       54%         6
 Borgnjor's Vile Clutch   Necr/Erth      10%        N/A       77%         5
 Iron Shot                Conj/Erth      10%        9d3       100%        6
 Animate Armour           Summ/Erth      Unusable   N/A       N/A         4

Dungeon Overview and Level Annotations

Branches:
Dungeon (14/15)            Temple (1/1) D:4            Lair (5/5) D:8
  Swamp (2/4) Lair:2        Snake (0/4) Lair:2        Slime (0/5) Lair:4
    Orc (2/2) D:12            Elf (0/3) Orc:2       Ossuary (visited)
 Bailey (visited)         Gauntlet (visited)
 Vaults: D:13-14

Altars:
Ashenzari
Cheibriados
Dithmenos
Elyvilon
Fedhas
Gozag
Hepliaklqana
Kikubaaqudgha
Makhleb
Nemelex Xobeh
Okawaru
Qazlal
Ru
Sif Muna
Trog
Uskayaw
Vehumet
Wu Jian
Xom
Yredelemnul
Zin
The Shining One
Jiyva

Shops:
D:1 !   D:7 !   D:11 ?:   Orc:1 =   Orc:2 :*![   Lair:5 ?=:

Portals:
Trove: D:11 (give 18 potions of curing)


Innate Abilities, Weirdness & Mutations

You have sharp claws.
You have razor-sharp teeth.
You have supernaturally acute eyesight. (SInv)
You cover ground quickly. (Speed+)
Your thick and shaggy fur keeps you warm. (AC +3, rC+)
Your paws help you pounce on unaware monsters.
You are incapable of wielding weapons or throwing items.
You cannot wear armour.
You gain extra lives every three experience levels.


Message History

You feel better.
Your wolf barely misses the shambling mangrove.
Your wolf bites the shambling mangrove.
Roots burst forth from the earth!
The grasping roots grab you! The grasping roots constrict you!
* * * LOW HITPOINT WARNING * * *
Okay, then.
Casting: Summon Guardian Golem (safe; 1% risk of failure)
Confirm with . or Enter, or press ? or * to list all spells.
You feel a surge of power!
You escape the roots grasp.
You blink.
Your wolf bites the shambling mangrove.
Casting: Blink (safe; 1% risk of failure)
Confirm with . or Enter, or press ? or * to list all spells.
You feel a surge of power!
You blink.
Your surroundings suddenly seem different.
Splash!
You fall into the shallow water.
Moving in this stuff is going to be slow.
A will-o-the-wisp comes into view.
Found a book of Fire.
Found a stone staircase leading down.
The will-o-the-wisp gives a chilling moan.
The will-o-the-wisp gestures.
The will-o-the-wisp conjures some foxfire! 2 foxfires come into view.
The will-o-the-wisp blinks!
You see here a book of Fire.
Press: ? - help, v - describe, . - travel, g - get item Item here: a book of Fire.
The floor.
You feel better.
The will-o-the-wisp gestures.
The will-o-the-wisp conjures some foxfire! 2 foxfires come into view.
Casting: Blink (safe; 1% risk of failure)
Confirm with . or Enter, or press ? or * to list all spells.
You feel a surge of power! The foxfire hits you!!
* * * LOW HITPOINT WARNING * * *
The foxfire hits your cactus giant!! The will-o-the-wisp engulfs you!
You die...
Your body crumbles into a pile of gold.

♣♣♣♣ ..♣ .~
♣♣~~ ♣~.§
♣~~♣♣♣§~~.~ ♣
♣.~~§~.~~♣ ♣~
♣~C♣§♣♣
♣..♣.♣v.~~.♣
♣~..~§@...~♣
♣.~♣....♣~~.♣
♣.♣.♣♣♣.~♣
♣♣♣♣ .~♣ >.♣
♣.. ~♣ ♣♣ ♣♣.
♣~~


You could see a will-o-the-wisp (ally target) and a friendly cactus giant
(summoned).

Vanquished Creatures
  Donald (Swamp:2)
  A shambling mangrove (Swamp:2)
  2 hydras (Swamp:2)
  3 blink frogs
  A wraith (D:12)
  A vampire mosquito (D:12)
  A water moccasin (D:7)
  4 centaurs
  A bullfrog (Lair:2)
  A howler monkey (D:6)
  3 electric eels
  An orc priest (Orc:1)
  A hell rat (Lair:1)
  An orc wizard (Orc:1)
  A gnoll (D:3)
  3 orcs
  A giant cockroach (D:2)
  A hobgoblin (D:1)
  A kobold (D:1)
  2 quokkas
  A ball python (D:1)
  A bat (D:1)
  A rat (D:1)
34 creatures vanquished.

Vanquished Creatures (collateral kills)
  Jorgrun (Orc:1)
  Kirke (Swamp:1)
  A fenstrider witch (Swamp:3)
  An eleionoma (Swamp:2)
  2 bunyips
  A rakshasa (D:14)
  7 hydras
  Erolcha (Orc:1)
  A boulder beetle (D:14)
  3 catoblepae (Lair:5)
  3 centaur warriors
  A two-headed ogre (D:8)
  4 death yaks (Lair:5)
  An alligator (Swamp:1)
  An orc high priest (Orc:2)
  9 spriggans
  A goliath frog (Swamp:2)
  4 spriggan druids
  A swamp dragon (Swamp:1)
  4 bog bodies
  A deep elf archer (Swamp:3)
  2 orc knights
  5 orc sorcerers
  A deep elf pyromancer (D:13)
  A cyclops (D:13)
  4 manticores
  2 will-o-the-wisps
  3 ugly things
  7 elephants
  2 black mambas
  An unseen horror (D:11)
  2 torpor snails (Lair:4)
  7 cane toads
  2 rime drakes
  Maggie (Lair:2)
  A gargoyle (D:13)
  7 komodo dragons
  3 tengu conjurers (D:14)
  2 efreet (D:13)
  2 kobold demonologists (D:12)
  2 polar bears
  5 trolls
  A bloated husk (Swamp:2)
  6 hornets
  5 blink frogs
  3 shadows
  49 yaks
  5 hogs (Swamp:1)
  6 wyverns
  A human (D:3)
  12 vampire mosquitoes
  A death yak simulacrum (D:12)
  A steam dragon (D:10)
  5 swamp worms
  Menkaure (D:7)
  7 wargs
  9 water moccasins
  3 acid dragons
  An ice beast (D:8)
  A swamp drake (Swamp:1)
  25 orc warriors
  2 black bears
  A sky beast (D:7)
  5 ogres
  8 wolves
  A centaur (shapeshifter) (D:14)
  7 centaurs
  A phantom (D:6)
  4 kobold brigands
  10 bullfrogs
  3 scorpions
  An elephant simulacrum (D:12)
  16 killer bees
  6 howler monkeys
  2 crimson imps (D:14)
  5 hounds
  A human zombie (Ossuary)
  A jelly (D:6)
  2 centaur zombies (Ossuary)
  A gnoll bouda (D:6)
  21 orc priests
  Ijyb (D:4)
  38 orc wizards
  2 iguanas (D:6)
  4 spriggan simulacra (D:12)
  8 hell rats
  A mummy (Ossuary)
  10 gnolls
  A naga simulacrum (D:12)
  7 adders
  2 shadow imps
  2 white imps
  4 ufetubi
  An adder zombie (Ossuary)
  2 worms
  3 dart slugs
  79 orcs
  8 endoplasms
  4 giant cockroaches
  17 goblins
  6 hobgoblins
  4 quokkas
  13 ball pythons
  4 bats
  4 frilled lizards
  A goblin skeleton (D:3)
  7 hobgoblin zombies (Ossuary)
  A jackal skeleton (D:3)
  2 jackal zombies (Ossuary)
  27 kobolds
  9 kobold zombies (Ossuary)
  10 orc zombies (Ossuary)
  7 rats
  A rat zombie (Ossuary)
641 creatures vanquished.

Vanquished Creatures (others)
  2 orc warlords
  An eleionoma (Swamp:2)
  2 bunyips
  Snorg (Orc:1)
  2 hydras
  2 alligators (Swamp:2)
  5 death yaks (Lair:5)
  A bog body (Swamp:2)
  An orc knight (D:13)
  2 orc sorcerers (Orc:2)
  An ugly thing (D:14)
  2 will-o-the-wisps (Swamp:1)
  4 elephants
  2 gargoyles
  A cane toad (Lair:3)
  2 komodo dragons
  A tengu conjurer (D:14)
  A troll (D:9)
  2 tyrant leeches (Swamp:2)
  A blink frog (Lair:4)
  3 bloated husks
  A hornet (Swamp:2)
  20 yaks
  A wyvern (Lair:5)
  2 vampire mosquitoes (D:12)
  A swamp worm (Swamp:3)
  2 wargs
  2 water moccasins
  A swamp drake (Swamp:3)
  18 orc warriors
  A centaur (D:13)
  An elf zombie (Ossuary)
  2 bullfrogs
  A killer bee (D:9)
  A centaur zombie (Ossuary)
  A gnoll bouda (D:5)
  An orc priest (Orc:2)
  Crazy Yiuf (D:4)
  2 hell rats (Lair:5)
  6 orc wizards
  A spriggan simulacrum (D:12)
  A mummy (Ossuary)
  A gnoll (D:5)
  4 orcs
  A kobold zombie (Ossuary)
  36 foxfires
  43 fungi
  51 plants
  A withered plant (Gauntlet)
243 creatures vanquished.

Grand Total: 918 creatures vanquished

Notes
Turn   | Place    | Note
-------+----------+-------------------------------------------
     0 | D:1      | arthad the Felid Summoner began the quest for the Orb.
     0 | D:1      | Reached XP level 1. HP: 7/7 MP: 4/4
   228 | D:1      | Reached XP level 2. HP: 11/11 MP: 3/6
   346 | D:1      | Learned a level 2 spell: Call Imp
   526 | D:1      | Reached XP level 3. HP: 14/14 MP: 4/7
   530 | D:1      | Learned a level 3 spell: Call Canine Familiar
   689 | D:1      | Found Tizil's Distillery.
   697 | D:1      | Bought a potion of heal wounds for 60 gold pieces
  1268 | D:2      | Identified the +4 arbalest "Ysiweub" {elec, MP+9 Str+2
                  | Int+2 Dex+2}
  2038 | D:2      | Reached XP level 4. HP: 18/18 MP: 3/9
  2209 | D:3      | Noticed a human
  2209 | D:3      | Found a runed translucent door.
  2215 | D:3      | Found a basalt altar of Yredelemnul.
  2437 | D:3      | Reached skill level 5 in Summonings
  2957 | D:3      | Reached XP level 5. HP: 21/21 MP: 4/10
  3521 | D:3      | Killed a human
  3522 | D:3      | Reached skill level 6 in Summonings
  3522 | D:3      | Gained mutation: You are covered in thick fur. (AC +2)
                  | [Felid growth]
  3522 | D:3      | Reached XP level 6. HP: 11/24 MP: 4/12
  3623 | D:4      | Learned a level 3 spell: Summon Guardian Golem
  3774 | D:4      | Reached skill level 1 in Hexes
  3843 | D:4      | Found a staircase to the Ecumenical Temple.
  3845 | D:4      | Noticed Ijyb
  3851 | D:4      | Found a hazy altar of Hepliaklqana.
  3861 | D:4      | Killed Ijyb
  3869 | Temple   | Entered the Ecumenical Temple
  4077 | Temple   | Became a worshipper of Gozag Ym Sagoz the Greedy
  4227 | D:4      | Reached XP level 7. HP: 28/28 MP: 9/14
  4431 | D:4      | Found a runed translucent door.
  4432 | D:4      | Noticed Crazy Yiuf
  4649 | D:4      | Killed Crazy Yiuf
  4719 | D:5      | Entered Level 5 of the Dungeon
  4804 | D:5      | Reached skill level 1 in Fighting
  4804 | D:5      | Reached skill level 1 in Unarmed Combat
  4804 | D:5      | Reached skill level 7 in Summonings
  5513 | D:5      | Reached XP level 8. HP: 33/33 MP: 4/16
  5718 | D:5      | Learned a level 4 spell: Summon Lightning Spire
  6110 | D:6      | Found a sand-covered staircase.
  6135 | D:6      | Reached skill level 5 in Spellcasting
  6135 | D:6      | Reached skill level 1 in Air Magic
  6236 | Ossuary  | Entered an ossuary
  6497 | Ossuary  | Reached skill level 5 in Hexes
  6996 | D:6      | Found a snail-covered altar of Cheibriados.
  7358 | D:7      | Found Jaorpho Mierch's Distillery.
  7379 | D:7      | Reached skill level 5 in Dodging
  7379 | D:7      | Reached skill level 8 in Summonings
  7399 | D:7      | Reached XP level 9. HP: 17/37 MP: 3/18
  7509 | D:7      | Bought a potion of curing for 36 gold pieces
  7509 | D:7      | Bought a potion of curing for 36 gold pieces
  7509 | D:7      | Bought a potion of heal wounds for 60 gold pieces
  7509 | D:7      | Bought a potion of heal wounds for 60 gold pieces
  7509 | D:7      | Bought a potion of resistance for 120 gold pieces
  7509 | D:7      | Bought a potion of ambrosia for 96 gold pieces
  7509 | D:7      | Bought a potion of flight for 36 gold pieces
  7509 | D:7      | Bought a potion of invisibility for 96 gold pieces
  7569 | D:7      | Found a flagged portal.
  7588 | Bailey   | Entered a bailey
  8373 | Bailey   | Noticed an orc knight
  8384 | Bailey   | Killed an orc knight
  8394 | Bailey   | Reached skill level 9 in Summonings
  8504 | Bailey   | Identified the +2 triple crossbow of the Fulmar {penet,
                  | rN+}
  8793 | D:7      | Reached XP level 10. HP: 42/42 MP: 10/21
  9003 | D:7      | Noticed Menkaure
  9006 | D:7      | Killed Menkaure
  9255 | D:7      | Found an iron altar of Okawaru.
  9260 | D:7      | Found a glowing golden altar of the Shining One.
  9674 | D:8      | Killed from afar by an orc priest
  9675 | D:8      | Reached XP level 9. HP: -7/39 MP: 4/20
  9712 | D:8      | Found a staircase to the Lair.
 10042 | D:8      | Reached skill level 5 in Air Magic
 10274 | D:8      | Noticed a two-headed ogre
 10311 | D:8      | Killed a two-headed ogre
 10950 | D:9      | Reached XP level 10. HP: 43/43 MP: 10/22
 11440 | D:9      | Reached skill level 10 in Summonings
 11515 | D:9      | Found a shadowy altar of Dithmenos.
 11515 | D:9      | Found a bloodstained altar of Trog.
 11516 | D:9      | Found a stormy altar of Qazlal.
 11672 | D:9      | Reached skill level 5 in Fighting
 12058 | D:9      | Reached skill level 5 in Unarmed Combat
 12173 | D:9      | Found a burning altar of Makhleb.
 12482 | D:10     | Entered Level 10 of the Dungeon
 12615 | D:10     | Reached XP level 11. HP: 37/48 MP: 13/24
 14208 | D:11     | Identified 3 scrolls of acquirement
 14213 | D:11     | Acquired 1226 gold pieces
 14215 | D:11     | Acquired 1079 gold pieces
 14217 | D:11     | Acquired 1132 gold pieces
 14361 | D:11     | Bought an Inescapable Atlas for 384 gold pieces
 14364 | D:11     | Learned a level 2 spell: Blink
 14369 | D:11     | Learned a level 4 spell: Manifold Assault
 14397 | D:11     | Identified the +0 war axe of the Everdark {flame, Will+
                  | Str+3}
 14857 | D:11     | Reached skill level 1 in Transmutations
 14987 | D:11     | Found Jetichal's Magic Scroll Boutique.
 15217 | D:11     | Reached skill level 1 in Translocations
 15367 | D:11     | Found a portal to a secret trove of treasure.
 15609 | D:12     | Found a frozen archway.
 15878 | D:12     | Reached skill level 11 in Summonings
 16245 | D:12     | Found a staircase to the Orcish Mines.
 16497 | D:12     | Found a glowing golden altar of the Shining One.
 16772 | D:13     | Noticed a centaur warrior
 16781 | D:13     | Noticed a deep elf pyromancer
 16798 | D:13     | Killed a centaur warrior
 16799 | D:13     | Gained mutation: Your thick and shaggy fur keeps you warm.
                  | (AC +3, rC+) [Felid growth]
 16799 | D:13     | Reached XP level 12. HP: 39/52 MP: 1/26
 16988 | D:13     | Noticed a centaur warrior
 16997 | D:13     | Killed a centaur warrior
 18058 | D:14     | Found a gate leading to a gauntlet.
 18063 | D:14     | Noticed a centaur warrior
 18076 | D:14     | Killed a centaur warrior
 18103 | D:14     | Noticed an entropy weaver
 18106 | Gauntlet | Entered a Gauntlet
 18106 | Gauntlet | Noticed a death yak
 18106 | Gauntlet | Found a transporter.
 18107 | Gauntlet | Noticed a death yak
 18107 | Gauntlet | Noticed a death yak
 18108 | Gauntlet | Noticed a death yak
 18110 | Gauntlet | Found a transporter.
 18124 | Gauntlet | Found a transporter.
 18128 | Gauntlet | Found a transporter.
 18142 | Gauntlet | Noticed a balrug
 18149 | Gauntlet | Found a transporter.
 18163 | Gauntlet | Found a runed translucent door.
 18164 | Gauntlet | Found a transporter.
 18168 | Gauntlet | Found a transporter.
 18172 | Gauntlet | Found a transporter.
 18179 | Gauntlet | Noticed a death yak
 18179 | Gauntlet | Noticed a death yak
 18183 | Gauntlet | Found a runed translucent door.
 18208 | Gauntlet | Noticed a death yak
 18208 | Gauntlet | Noticed a death yak
 18208 | Gauntlet | Noticed a death yak
 18209 | Gauntlet | Noticed a death yak
 18209 | Gauntlet | Noticed a death yak
 18210 | Gauntlet | Noticed a death yak
 18212 | Gauntlet | Found a transporter.
 18233 | Gauntlet | Found a transporter.
 18237 | Gauntlet | Found a transporter.
 18243 | Gauntlet | Noticed a dire elephant
 18248 | Gauntlet | Found a transporter.
 18332 | Gauntlet | Killed by an exploding themself... ignited by their inner
                  | flame
 18333 | Gauntlet | Reached XP level 11. HP: -11/49 MP: 8/25
 18333 | Gauntlet | Reached skill level 5 in Translocations
 18333 | Gauntlet | Reached skill level 5 in Transmutations
 18333 | Gauntlet | Reached XP level 12. HP: 53/53 MP: 26/26
 18339 | Gauntlet | Identified the ring of Roejeel {Fire Int+3}
 18339 | Gauntlet | Noticed a minotaur
 18341 | Gauntlet | HP: 1/53 [minotaur/silver javelin (10)]
 18343 | Gauntlet | Hit by a silver javelin thrown by a minotaur
 18344 | Gauntlet | Reached XP level 11. HP: -4/49 MP: 17/25
 18400 | D:14     | Reached skill level 12 in Summonings
 18400 | D:14     | Reached XP level 12. HP: 53/53 MP: 22/26
 18401 | D:14     | Noticed a centaur warrior
 18401 | D:14     | Noticed a rakshasa
 18475 | D:14     | Noticed a boulder beetle
 18514 | D:14     | Killed a boulder beetle
 18677 | D:14     | Killed a rakshasa
 18880 | Lair:1   | Entered Level 1 of the Lair of Beasts
 20106 | Lair:2   | Found a staircase to the Swamp.
 20274 | Lair:2   | Noticed Maggie
 20284 | Lair:2   | Killed Maggie
 20285 | Lair:2   | Reached XP level 13. HP: 57/57 MP: 16/27
 20351 | Lair:2   | Found a stormy altar of Qazlal.
 21291 | Lair:2   | Found a staircase to the Snake Pit.
 21698 | Lair:3   | Reached skill level 10 in Spellcasting
 21904 | Lair:3   | Reached skill level 10 in Dodging
 22027 | Lair:3   | Found a sparkling altar of Nemelex Xobeh.
 22717 | Lair:3   | Upgraded the game from 0.30-a0-711-gf4ac18a38d to
                  | 0.30-a0-715-gdb4ae3ece1
 22898 | Lair:4   | Found a staircase to the Slime Pits.
 22899 | Lair:4   | Found a viscous altar of Jiyva.
 22960 | Lair:4   | Reached skill level 10 in Air Magic
 22969 | Lair:4   | Identified the ring "Foed" {Str+6 Int+3}
 23638 | Lair:4   | Found a snail-covered altar of Cheibriados.
 23868 | Lair:5   | Entered Level 5 of the Lair of Beasts
 24205 | Lair:5   | Reached XP level 14. HP: 41/61 MP: 12/29
 24800 | Lair:5   | Identified the +1 leather armour of Conscience {-Cast rC+
                  | Will+ SInv}
 25363 | Lair:5   | Reached skill level 13 in Summonings
 25483 | Lair:5   | Identified the +9 quarterstaff of the Puffball {freeze,
                  | Dex+3}
 25815 | Lair:5   | Bought the amulet of Vitality {RegenMP++ Regen++} for 1600
                  | gold pieces
 25815 | Lair:5   | Found the amulet of Vitality {RegenMP++ Regen++}
 25815 | Lair:5   | Bought the ring "Pauzibe" {rPois rCorr MP+9 Str+2} for 868
                  | gold pieces
 25830 | Lair:5   | Bought a scroll of blinking for 105 gold pieces
 25830 | Lair:5   | Bought a scroll of teleportation for 42 gold pieces
 25830 | Lair:5   | Bought a scroll of teleportation for 42 gold pieces
 25843 | Lair:5   | Learned a level 7 spell: Storm Form
 26053 | Orc:1    | Entered Level 1 of the Orcish Mines
 26154 | Orc:1    | Noticed an orc warlord
 26158 | Orc:1    | Noticed Jorgrun
 26163 | Orc:1    | Noticed Snorg
 26165 | Orc:1    | Killed an orc warlord
 26176 | Orc:1    | Killed Snorg
 26195 | Orc:1    | Noticed Erolcha
 26203 | Orc:1    | Killed Jorgrun
 26225 | Orc:1    | Killed Erolcha
 26347 | Orc:1    | Reached skill level 10 in Transmutations
 26589 | Orc:1    | Found Dacs's Jewellery Shop.
 26592 | Orc:1    | Bought a ring of wizardry for 390 gold pieces
 26685 | Orc:2    | Entered Level 2 of the Orcish Mines
 27212 | Orc:2    | Noticed an orc warlord
 27239 | Orc:2    | Killed an orc warlord
 27410 | Orc:2    | Found Uddemn's Antique Armour Emporium.
 27410 | Orc:2    | Found Ibyecug's General Store.
 27411 | Orc:2    | Found Ypnyrryi's Book Shoppe.
 27415 | Orc:2    | Found Azyw's Distillery.
 27419 | Orc:2    | Bought a potion of heal wounds for 75 gold pieces
 27419 | Orc:2    | Bought a potion of heal wounds for 75 gold pieces
 27419 | Orc:2    | Bought a potion of curing for 45 gold pieces
 27419 | Orc:2    | Bought a potion of heal wounds for 75 gold pieces
 27419 | Orc:2    | Bought 2 potions of brilliance for 120 gold pieces
 27420 | Orc:2    | Bought a book of Scorching for 480 gold pieces
 27421 | Orc:2    | Bought a scroll of magic mapping for 127 gold pieces
 27421 | Orc:2    | Bought a potion of curing for 51 gold pieces
 27515 | Orc:2    | Found a staircase to the Elven Halls.
 27599 | Orc:2    | Learned a level 6 spell: Summon Cactus Giant
 27813 | Swamp:1  | Entered Level 1 of the Swamp
 28006 | Swamp:1  | Reached XP level 15. HP: 66/66 MP: 30/30
 28524 | Swamp:1  | Noticed Kirke
 28560 | Swamp:1  | Killed Kirke
 28756 | Swamp:2  | Noticed Donald
 28780 | Swamp:2  | Killed Donald
 28781 | Swamp:2  | Reached skill level 5 in Evocations
 28959 | Swamp:2  | Identified the +2 scale mail "Plog" {rElec rF+ rN+}
 29180 | Swamp:2  | You fall into a shaft and drop 1 floor!
 29201 | Swamp:3  | Noticed a fenstrider witch
 29214 | Swamp:3  | Killed a fenstrider witch
 29248 | Swamp:3  | Killed from afar by an eleionoma
 29249 | Swamp:3  | Reached XP level 14. HP: -12/64 MP: 38/38
 29273 | Swamp:3  | Slain by a will-o-the-wisp

Illustrated notes

Levels and vault maps discovered:
D:1:      minmay_arrival_stair_chambers, layout_basic, serial_shops,
          nicolae_shop_waterfront, chequers_hall_statues_corner_a,
          minmay_shallow_snake_nest
D:2:      layout_rooms, grunt_ministairs_13
D:3:      layout_loops_ring, dk_yredelemnul_ordeal
D:4:      layout_basic, mainiacjoe_overflow_alcove_1, minmay_temple_entry_trees,
          uniq_ijyb, uniq_crazy_yiuf_cottage
D:5:      layout_loops_cross
D:6:      layout_cave_pools, slow_altar_1, nicolae_ossuary_entry_false_entrances
D:7:      layout_layer_cave, mainiacjoe_overflow_catwalk_spiral, serial_shops,
          nicolae_shop_statue_plus, enter_bailey_3, uniq_menkaure
D:8:      layout_gridville, erik_lair_orcish_takeover
D:9:      layout_long_grid, kennysheep_mini_moat, gammafunk_temple_overflow_claw
D:10:     layout_stronghold, minmay_fractal_squares_5
D:11:     layout_basic, nicolae_trove_entry_diagonal, serial_shops,
          nicolae_take_the_stairs, item_on_display_a
D:12:     layout_rooms, orc_0_dummy, portal_ice_cave_entry_ice_simulacra,
          tso_altar
D:13:     layout_basic
D:14:     layout_loops_cross, ximxim_vaults_locker_room, gauntlet_entry_generic,
          minmay_nine_imps
Temple:   nicolae_temple_bog_church
Lair:1:   layout_gridlike, infiniplex_staircase_pool
Lair:2:   layout_loops_ring, nicolae_swamp_entry_splash_gauntlet,
          dummy_snake_entry, basic_altar, beast_lair_carwin_2, uniq_maggie
Lair:3:   layout_concentric_octagons, lemuel_centaur_altar, grunt_megastairs_5
Lair:4:   layout_concentric_octagons, slime_entry_1, kennysheep_snail_temple
Lair:5:   evilmike_catoblepas_cave, layout_layer_cave
Swamp:1:  layout_basic_swamp, evilmike_swamp_ruin_house_4, swamp_pool4,
          nicolae_swamp_fairy_circle, infiniplex_staircase_pool_2, uniq_kirke
Swamp:2:  layout_basic_swamp, nicolae_swamp_tree_isthmus, uniq_donald
Swamp:3:  layout_falls_marsh, nicolae_swamp_triple_paths, swamp_pool3,
          beargit_elvish_explorers
Orc:1:    layout_caves, serial_shops, nicolae_shop_behind_doors, uniq_jorgrun,
          uniq_snorg, uniq_erolcha
Orc:2:    st_orc_mages, layout_caves

Skill      XL: |  1  2  3  4  5  6  7  8  9 10 11 12 13 14 15 |
---------------+----------------------------------------------+-----
Stealth        | 3 |  3.1
Dodging        | 3 4 5 7 8 9 10 11 12 | 12.2
Summonings     | 5 6 7 8 9 10 12 13 | 13.1
Spellcasting   | 3 4 5 7 8 9 10 | 10.6
Hexes          | 1 4 5 |  5.0
Fighting       | 1 2 3 5 6 7 8 9 |  9.0
Unarmed Combat | 1 2 3 5 6 7 8 |  8.8
Air Magic      | 2 5 6 9 8 10 11 12 | 12.0
Transmutations | 7 4 8 10 11 | 11.7
Translocations | 6 7 8 9 |  9.3
Evocations     | 3 4 5 |  5.0

Action                     |  1- 3 |  4- 6 |  7- 9 | 10-12 | 13-15 || total
---------------------------+-------+-------+-------+-------+-------++-------
  Melee: Unarmed           |    29 |    19 |    23 |    67 |    72 ||   210
         Bite              |     1 |     1 |     5 |     8 |     3 ||    18
         Punch             |       |       |     1 |     5 |     4 ||    10
   Cast: Summon Small Mamm |    39 |    29 |    55 |     8 |     1 ||   132
         Call Imp          |    14 |    14 |    37 |    36 |    29 ||   130
         Call Canine Famil |    11 |    19 |    45 |    61 |    80 ||   216
         Summon Guardian G |       |     1 |    32 |    74 |   106 ||   213
         Summon Lightning  |       |       |    27 |   101 |   157 ||   285
         Manifold Assault  |       |       |       |     3 |    33 ||    36
         Blink             |       |       |       |     3 |    20 ||    23
         Summon Cactus Gia |       |       |       |       |    24 ||    24
 Invoke: Call Merchant     |       |       |       |     1 |     3 ||     4
  Evoke: Wand              |       |       |     6 |     7 |    13 ||    26
         Condenser vane    |       |       |       |       |     3 ||     3
    Use: Scroll            |       |       |    16 |     8 |     2 ||    26
         Potion            |       |       |       |     6 |    13 ||    19
   Stab: Distracted        |       |     1 |       |       |     1 ||     2
         Confused          |       |       |       |       |     1 ||     1
 Armour: Skin              |     1 |     1 |     6 |     9 |     5 ||    22
  Dodge: Dodged            |    35 |    40 |    73 |   186 |   124 ||   458

Table legend: (Time is in decaauts)
 A = Elapsed time spent in this place.
 B = Non-inter-level travel time spent in this place.
 C = Inter-level travel time spent in this place.
 D = Time resting spent in this place.
 E = Time spent auto-exploring this place.
 F = Levels seen in this place.
 G = Mean time per level.
                   A        B        C        D        E       F      G
               +--------+--------+--------+--------+--------+-----+--------+
         Total |  26264 |  25286 |    978 |   1452 |  18112 |  28 |  938.0 |
       Dungeon |  15500 |  14862 |    638 |    662 |  11232 |  14 | 1107.1 |
        Temple |    187 |    176 |     11 |      0 |    159 |   1 |  187.0 |
          Lair |   6266 |   6019 |    247 |    396 |   4447 |   5 | 1253.2 |
         Swamp |   1384 |   1363 |     21 |    139 |    759 |   3 |  461.3 |
  Orcish Mines |   1391 |   1331 |     60 |      6 |    810 |   2 |  695.5 |
       Ossuary |    412 |    412 |      0 |     63 |    176 |   1 |  412.0 |
        Bailey |    886 |    886 |      0 |    185 |    500 |   1 |  886.0 |
      Gauntlet |    236 |    236 |      0 |      0 |     25 |   1 |  236.0 |
               +--------+--------+--------+--------+--------+-----+--------+

Top non-repeatable levels by time:
  Lair:5: 1715 daAuts
    D:10: 1610 daAuts
     D:9: 1468 daAuts
    D:12: 1447 daAuts
  Lair:2: 1356 daAuts
     D:8: 1298 daAuts
  Lair:4: 1152 daAuts
    D:13: 1117 daAuts
     D:3: 1114 daAuts
    D:11: 1114 daAuts
     D:2: 1101 daAuts
     D:5: 1101 daAuts
  Lair:3: 1092 daAuts
     D:7: 1071 daAuts
     D:1: 1053 daAuts
